 Dungeon Crawl Stone Soup version 0.31.0-12-g77e489cdc1 (webtiles) character file.

Game seed: 15136708877917537865

2412 Gadfly the Sneak (level 9, 47/47 HPs)
             Began as a Felid Enchanter on Feb 25, 2024.
             Quit the game in a bailey.
             The game lasted 00:09:30 (5506 turns).

Gadfly the Sneak (Felid Enchanter)                  Turns: 5506, Time: 00:09:31

Health: 47/47      AC: 10    Str:  4    XL:     9   Next: 23%
Magic:  17/17      EV: 21    Int: 21    God:
Gold:   372        SH:  0    Dex: 19    Spells: 13/18 levels left
                                        Lives:  0   Deaths: 3

rFire   . .          .
                       - Unarmed
rCold   . . .        (shield unavailable)
rNeg    . . .        (body armour unavailable)
rPois   .            (helmet unavailable)
rElec   .            (cloak unavailable)
rCorr   .            (gloves unavailable)
SInv    +            (boots unavailable)
Will    +....        (no amulet)
Stlth   ++++         b - +4 ring of protection
HPRegen 0.27/turn    r - +4 ring of protection
MPRegen 0.15/turn

%: no passive effects
@: studying Stealth
A: very small, claws 1, fangs 3, see invisible, shaggy fur 2, stealthy paws, no
weapons or thrown items, no armour, multi-lived
a: no special abilities


You were in a bailey.
You visited 2 branches of the dungeon, and saw 8 of its levels.
You also visited: Bailey.

You collected 372 gold pieces.

Inventory:

Jewellery
 b - a +4 ring of protection (left paw)
 e - a ring of ice
 r - a +4 ring of protection (right paw)
 t - an amulet of magic regeneration
 w - a ring of fire
Wands
 k - a wand of acid (13)
 o - a wand of polymorph (8)
Scrolls
 g - a scroll of butterflies {unknown}
 n - 2 scrolls of teleportation {unknown}
 p - a scroll of fog
 u - a scroll of fear
 x - a scroll of amnesia
 y - a scroll of identify
Potions
 a - 3 potions of invisibility
 c - a potion of attraction {unknown}
 d - a potion of lignification
 f - 2 potions of mutation {unknown}
 h - a potion of haste {unknown}
 i - 3 potions of brilliance {unknown}
 j - a potion of enlightenment {unknown}
 l - a potion of berserk rage {unknown}
 q - 2 potions of curing {unknown}
 s - a potion of ambrosia {unknown}
 v - a potion of heal wounds {unknown}


   Skills:
 * Level 5.0 Fighting
 + Level 5.8 Dodging
 + Level 7.7 Stealth
 * Level 5.2 Unarmed Combat
 * Level 5.2 Spellcasting
 + Level 7.0 Hexes
 * Level 5.5 Evocations


You had 13 spell levels left.
You knew the following spells:

 Your Spells              Type           Power      Damage    Failure   Level
a - Ensorcelled Hibernat  Hex/Ice        40%        N/A       3%          2
b - Confusing Touch       Hex            34%        N/A       1%          3

Your spell library contained the following spells:

 Spells                   Type           Power      Damage    Failure   Level
 Tukima's Dance           Hex            34%        N/A       1%          3
 Dazzling Flash           Conj/Hex       40%        N/A       8%          3
 Gell's Gravitas          Tloc           5%         N/A       32%         3
 Teleport Other           Tloc           5%         N/A       32%         3
 Volatile Blastmotes      Fire/Tloc      10%        2d10      32%         3
 Fulminant Prism          Conj/Alch      2%         3d5       71%         4
 Iskenderun's Mystic Bla  Conj/Tloc      5%         2d3       71%         4
 Dispersal                Tloc           2%         N/A       100%        6


Dungeon Overview and Level Annotations

Branches:
Dungeon (7/15)             Temple (1/1) D:4          Bailey (1/1)

Altars:
Ashenzari
Cheibriados
Dithmenos
Elyvilon
Fedhas
Hepliaklqana
Kikubaaqudgha
Makhleb
Nemelex Xobeh
Okawaru
Qazlal
Ru
Sif Muna
Trog
Wu Jian
Xom
Yredelemnul
Zin
The Shining One


Innate Abilities, Weirdness & Mutations

You have sharp claws.
You have razor-sharp teeth.
You have supernaturally acute eyesight. (SInv)
You are covered in thick fur. (AC +2)
Your paws help you pounce on unaware monsters.
You are incapable of wielding weapons or throwing items.
You cannot wear armour.
You gain extra lives every three experience levels.


Message History

The two-headed ogre easily resists.
Casting: Ensorcelled Hibernation (safe; 3% risk of failure)
Confirm with . or Enter, or press ? or * to list all spells.
Aiming: Ensorcelled Hibernation (safe; 3% risk of failure)
Press: ? - help, Shift-Dir - straight line, f/p - two-headed ogre
Aim: a two-headed ogre, wielding two +0 halberds (chance to affect: 35%)
The two-headed ogre easily resists.
The two-headed ogre misses you. The two-headed ogre closely misses you.
Casting: Ensorcelled Hibernation (safe; 3% risk of failure)
Confirm with . or Enter, or press ? or * to list all spells.
You don't have enough magic to cast this spell.
Unknown command.
Found five items.
Found four items.
The two-headed ogre attacks as it pursues you!
The two-headed ogre hits you from afar with a +0 halberd!
* * * LOW HITPOINT WARNING * * *
The two-headed ogre completely misses you.
Casting: Ensorcelled Hibernation (safe; 3% risk of failure)
Confirm with . or Enter, or press ? or * to list all spells.
Aiming: Ensorcelled Hibernation (safe; 3% risk of failure)
Press: ? - help, Shift-Dir - straight line, f/p - two-headed ogre
Aim: a two-headed ogre, wielding two +0 halberds (chance to affect: 35%)
The two-headed ogre looks drowsy...
You pounce on the unaware helpless two-headed ogre!
You eviscerate the two-headed ogre!!!
The two-headed ogre is severely wounded.
The two-headed ogre hits you with a +0 halberd!
* * * LOW HITPOINT WARNING * * *
The two-headed ogre misses you.
Unknown command.
Aiming: Corrosive Bolt
Press: ? - help, Shift-Dir - straight line, f/p - two-headed ogre
Aim: a two-headed ogre, wielding two +0 halberds (severely wounded, 88% to hit)
The bolt of acid misses the two-headed ogre.
The two-headed ogre closely misses you.
The two-headed ogre hits you from afar with a +0 halberd!
You die...
You rejoin the land of the living...
Are you sure you want to abandon this character and quit the game? (Confirm with "yes".)

##i.#######..##
##ii##.....#♣..##
#.i#♣..O.†..♣#..##
†.♣#..♣#♣♣♣..#...#
..#..♣♣.?!♣♣.#...#
..#..♣..≈![♣.#~..#
..#..~.≈≈≈?♣.)~..#
..#..#..≈)?♣.#)..#
O.#..♣♣.[?♣♣.#..@#
..♣#..♣♣♣♣♣..#...#
#..##.......##..##
#..##.....#♣..##
###♣###..## ...#
...# ###


There were no monsters in sight!

Vanquished Creatures
  Grinder (D:6)
  A spriggan (Bailey)
  A steam dragon (Bailey)
  An acid dragon (D:5)
  4 black bears
  2 sky beasts (D:6)
  2 ogres (Bailey)
  2 centaurs (D:6)
  3 phantoms
  2 scorpions
  A bombardier beetle (D:4)
  3 jellies
  A hound (D:5)
  Crazy Yiuf (D:3)
  2 orc priests (D:4)
  3 sleepcaps
  Jessica (D:2)
  4 iguanas
  2 orc wizards
  6 adders
  2 white imps
  2 ufetubi (D:6)
  3 dart slugs
  A ribbon worm (D:2)
  9 orcs
  7 ball pythons
  4 bats
  13 endoplasms
  2 giant cockroaches
  8 goblins
  5 jackals
  3 quokkas
  A frilled lizard (D:1)
  8 kobolds
  A rat (D:1)
112 creatures vanquished.

Notes
Turn   | Place    | Note
-------+----------+-------------------------------------------
     0 | D:1      | Gadfly the Felid Enchanter began the quest for the Orb.
     0 | D:1      | Reached XP level 1. HP: 9/9 MP: 4/4
   252 | D:1      | Reached XP level 2. HP: 14/14 MP: 6/6
   255 | D:1      | Learned a level 2 spell: Ensorcelled Hibernation
   481 | D:1      | Found a faded altar of an unknown god.
   683 | D:1      | Reached skill level 1 in Evocations
   710 | D:1      | Reached XP level 3. HP: 9/15 MP: 7/7
   714 | D:1      | Learned a level 3 spell: Confusing Touch
  1336 | D:2      | Reached skill level 1 in Fighting
  1675 | D:2      | Noticed Jessica
  1690 | D:2      | Killed Jessica
  1691 | D:2      | Reached XP level 4. HP: 10/22 MP: 3/8
  1691 | D:2      | Gained a life (2 lives remaining)
  2501 | D:3      | Found a runed translucent door.
  2502 | D:3      | Noticed Crazy Yiuf
  2511 | D:3      | Killed Crazy Yiuf
  2512 | D:3      | Reached skill level 5 in Hexes
  2512 | D:3      | Reached XP level 5. HP: 26/26 MP: 4/10
  2763 | D:4      | Noticed a phantom
  2778 | D:4      | Killed a phantom
  2779 | D:4      | Gained mutation: You are covered in thick fur. (AC +2)
                  | [Felid growth]
  2779 | D:4      | Reached XP level 6. HP: 30/30 MP: 7/11
  2821 | D:4      | Found a staircase to the Ecumenical Temple.
  2879 | Temple   | Entered the Ecumenical Temple
  3058 | D:4      | Killed from afar by an orc priest
  3058 | D:4      | Lost a life (1 life remaining)
  3258 | D:4      | Reached skill level 5 in Stealth
  3455 | D:5      | Entered Level 5 of the Dungeon
  3794 | D:5      | Reached XP level 7. HP: 35/35 MP: 10/13
  3794 | D:5      | Gained a life (2 lives remaining)
  4229 | D:5      | Found a shadowy altar of Dithmenos.
  4336 | D:6      | Noticed Grinder
  4367 | D:6      | Reached XP level 8. HP: 35/42 MP: 4/15
  4540 | D:6      | Paralysed by Grinder for 5 turns
  4552 | D:6      | Killed Grinder
  4553 | D:6      | Reached skill level 5 in Dodging
  4977 | D:6      | Reached skill level 5 in Evocations
  5260 | D:7      | Reached XP level 9. HP: 42/46 MP: 14/17
  5296 | D:7      | Found a flagged portal.
  5368 | Bailey   | Entered a bailey
  5382 | Bailey   | Reached skill level 5 in Spellcasting
  5412 | Bailey   | HP: 1/46 [spriggan/+0 trident (6)]
  5417 | Bailey   | Mangled by a spriggan
  5417 | Bailey   | Lost a life (1 life remaining)
  5426 | Bailey   | Reached skill level 5 in Unarmed Combat
  5458 | Bailey   | Reached skill level 5 in Fighting
  5478 | Bailey   | Noticed a two-headed ogre
  5503 | Bailey   | HP: 2/47 [two-headed ogre/+0 halberd (12)]
  5505 | Bailey   | Mangled by a two-headed ogre
  5505 | Bailey   | Lost a life (0 lives remaining)
  5506 | Bailey   | Quit the game

Illustrated notes

Levels and vault maps discovered:
D:1:      erik_arrival_cave_to_civilisation [erik_arrival_cave_to_hall],
          layout_loops_ring, ebering_ecumenical_altar_sacrificial
D:2:      layout_rooms, kennysheep_jessica_study
D:3:      layout_loops_ring, grunt_decor_junction, minmay_misc_feat_iff,
          uniq_crazy_yiuf_cottage
D:4:      layout_rooms, temple_doors_ab, nicolae_twisty_statue_hallways
D:5:      layout_loops_cross, grunt_dithmenos_shadows,
          hangedman_decor_clover_reticule
D:6:      layout_cave_pools, kennysheep_generic_room_16, uniq_grinder
D:7:      layout_loops_ring, enter_bailey_1, serial_shops, shop, minmay_puff
Temple:   nicolae_temple_no_exploring_needed
Bailey:   bailey_polearm_enchanted_keep_hellmonk, bailey

Skill      XL: |  1  2  3  4  5  6  7  8  9 |
---------------+----------------------------+-----
Dodging        | 3 4 5 |  5.8
Evocations     | 1 2 3 4 5 |  5.5
Fighting       | 1 2 3 4 5 |  5.0
Unarmed Combat | 2 3 4 5 |  5.2
Hexes          | 5 6 7 |  7.0
Spellcasting   | 3 4 5 |  5.2
Stealth        | 5 7 |  7.7

Action                     |  1- 3 |  4- 6 |  7- 9 || total
---------------------------+-------+-------+-------++-------
  Melee: Unarmed           |   150 |   140 |   133 ||   423
         Punch             |     3 |     1 |     4 ||     8
         Bite              |    14 |    18 |    13 ||    45
   Cast: Ensorcelled Hiber |    10 |    19 |    36 ||    65
         Confusing Touch   |       |     2 |     3 ||     5
  Evoke: Wand              |       |       |     1 ||     1
    Use: Scroll            |     7 |     1 |     3 ||    11
   Stab: Sleeping          |    14 |    17 |    25 ||    56
         Distracted        |     1 |     1 |     1 ||     3
         Confused          |       |     2 |     4 ||     6
 Armour: Skin              |    45 |    49 |    70 ||   164
  Dodge: Dodged            |   115 |   124 |   157 ||   396
